 Dungeon Crawl Stone Soup version 0.21.0-3-g78d12a8 (webtiles) character file.

61 tilp the Conjurer (level 3, -2/26 HPs)
             Began as a Draconian Conjurer on Jan 12, 2018.
             Slain by an adder (5 damage)
             ... on level 2 of the Dungeon.
             The game lasted 00:03:15 (1337 turns).

tilp the Conjurer (Draconian Conjurer)              Turns: 1337, Time: 00:03:17

Health: -2/26      AC:  5    Str: 10    XL:     3   Next: 83%
Magic:  1/6        EV: 12    Int: 16    God:
Gold:   41         SH:  0    Dex: 11    Spells: 3/6 levels left

rFire    . . .     SeeInvis .   l - +1 hand axe (chop)
rCold    . . .     Gourm    .   (no shield)
rNeg     . . .     Faith    .   (armour unavailable)
rPois    .         Spirit   .   (helmet restricted)
rElec    .         Reflect  .   (no cloak)
rCorr    .         Harm     .   (no gloves)
MR       .....                  (no boots)
Stlth    ++........             (no amulet)
HPRegen  0.08/turn              (no ring)
MPRegen  0.10/turn              (no ring)

@: no status effects
A: unfitting armour, cold-blooded, AC +5
a: no special abilities


You were on level 2 of the Dungeon.
You were not hungry.

You visited 1 branch of the dungeon, and saw 2 of its levels.

You collected 41 gold pieces.

Inventory:

Hand Weapons
 d - a +0 dagger
 l - a +1 hand axe of chopping (weapon)
 o - a +0 blowgun
Missiles
 c - 17 arrows
 e - 8 poisoned needles
 f - 43 stones (quivered)
Scrolls
 g - 2 scrolls of identify {unknown}
 i - a scroll of teleportation {unknown}
 m - a scroll of amnesia {unknown}
Potions
 h - a potion of curing {unknown}
 j - 2 potions of flight {unknown}
 n - a potion of resistance {unknown}
Books
 a - a book of Conjurations

   Spells                             Type                      Level
   a - Magic Dart                     Conjuration                  1
   b - Searing Ray                    Conjuration                  2
   c - Dazzling Spray                 Conjuration/Hexes            3
   d - Fulminant Prism                Conjuration/Hexes            4
   e - Force Lance                    Conjuration/Translocation    4
   f - Iskenderun's Mystic Blast      Conjuration                  4
Comestibles
 b - 3 rations
 k - 7 chunks of flesh


   Skills:
 - Level 1.7 Dodging
 - Level 1.7 Stealth
 - Level 2.0 Spellcasting
 + Level 5.5 Conjurations


You had 3 spell levels left.
You knew the following spells:

 Your Spells              Type           Power        Failure   Level  Hunger
a - Magic Dart            Conj           ###.         2%          1    #......
b - Searing Ray           Conj           ###...       3%          2    ###....


Dungeon Overview and Level Annotations

Branches:
Dungeon (2/15)

Altars:


Innate Abilities, Weirdness & Mutations

Your plain brown scales are hard. (AC +5)
You cannot fit into any form of body armour.
You are cold-blooded and may be slowed by cold attacks.


Message History

Aiming: Searing Ray
Press: ? - help, Shift-Dir - straight line, f - goblin
Aim: a goblin, wielding a dagger The searing ray hits the goblin.
You kill the goblin! (Press . to maintain the ray.)
The searing ray hits Natasha.
Natasha is heavily wounded.
Natasha claws you.
* * * LOW HITPOINT WARNING * * *
The searing ray hits Natasha.
Natasha is severely wounded.
Natasha claws you but does no damage.
The searing ray hits Natasha.
You kill Natasha!
Suddenly Natasha's spirit rises from her lifeless body.
The searing ray hits the adder.
The adder is almost dead.
You finish channeling your searing ray.
The adder bites you.
You die...

# #. .. ## ....#.#.# .# #
.#.#.#.# .#%# . ..#.# .#.#
#.#...# ...
.###.#...#############.#.#.#.
...............@S...........>
#...###..######.#.#.#...
#.#.............#.#
#)#.###..########.# #.#..
#..# .# #.##.##..# .# #.#
..#..# .# #.###.#..# .#
#....)#..#


You could see an adder.

Vanquished Creatures
  Natasha (D:2)
  A gnoll (D:1)
  A dart slug (D:2)
  A leopard gecko (D:1)
  A ball python (D:1)
  2 giant cockroaches
  4 goblins
  3 hobgoblins
  2 jackals (D:1)
  2 bats
  2 frilled lizards (D:1)
  A rat (D:1)
21 creatures vanquished.

Notes
Turn   | Place    | Note
-------+----------+-------------------------------------------
     0 | D:1      | tilp the Draconian Conjurer began the quest for the Orb.
     0 | D:1      | Reached XP level 1. HP: 14/14 MP: 3/3
   465 | D:1      | Reached XP level 2. HP: 9/20 MP: 3/5
   469 | D:1      | Learned a level 2 spell: Searing Ray
  1167 | D:2      | Reached skill level 5 in Conjurations
  1171 | D:2      | Reached XP level 3. HP: 23/26 MP: 6/6
  1324 | D:2      | Noticed Natasha
  1337 | D:2      | Killed Natasha
  1337 | D:2      | Slain by an adder

Skill      XL: |  1  2 |
---------------+-------+-----
Conjurations   | 5 |  5.5
Dodging        | |  1.7
Stealth        | |  1.7
Spellcasting   | |  2.0

Action                   || total
-------------------------++-------
Melee: Dagger            ||    33
       Hand axe          ||    16
Throw: Stone             ||     2
 Cast: Magic Dart        ||    21
       Searing Ray       ||     3
 Stab: Sleeping          ||     1
  Eat: Chunk             ||     2
Armor: Skin              ||    18
Dodge: Dodged            ||    41
